 Dungeon Crawl Stone Soup version 0.31.0 (webtiles) character file.

Game seed: 16819082813842873632

1292 qw the Skirmisher (level 8, -5/51 HPs)
             Began as a Gargoyle Hunter on Jan 19, 2024.
             Slain by an ogre
             ... wielding a +0 giant club
              (16 damage)
             ... on level 5 of the Dungeon.
             The game lasted 00:00:24 (4238 turns).

qw the Skirmisher (Gargoyle Hunter)                 Turns: 4238, Time: 00:00:24

Health: -5/51      AC: 11    Str: 16    XL:     8   Next: 56%
Magic:  8/8        EV: 16    Int:  9    God:
Gold:   320        SH:  0    Dex: 15    Spells: 7/7 levels left

rFire   . . .        a - +3 shortbow
rCold   . . .        (shield currently unavailable)
rNeg    + . .        f - +0 ring mail
rPois   inf          (no helmet)
rElec   +            (no cloak)
rCorr   .            (no gloves)
SInv    +            (no boots)
Will    .....        g - amulet of faith
Stlth   +            j - ring of see invisible
HPRegen 0.28/turn    m - +5 ring of evasion
MPRegen 0.11/turn

%: faith
@: no status effects
A: sickness immunity, AC +5, negative energy resistance 1, electricity
resistance, torment resistance 1, petrification resistance
a: no special abilities


You were on level 5 of the Dungeon.
You visited 2 branches of the dungeon, and saw 7 of its levels.

You collected 320 gold pieces.


Innate Abilities, Weirdness & Mutations

You are immune to sickness and miasma.
Your stone body is resilient. (AC +5)
You are immune to poison.
You resist negative energy. (rN+)
You are resistant to electric shocks. (rElec)
You are resistant to unholy torment.
You are immune to petrification.


   Skills:
 - Level 6.1 Fighting
 + Level 9.0 Ranged Weapons
 - Level 2.5 Armour
 - Level 2.2 Dodging
 - Level 1.1 Stealth


You had 7 spell levels left.
You didn't know any spells.
Your spell library was empty.

Inventory:

Hand Weapons
 a - a +3 shortbow (weapon)
Armour
 f - a +0 ring mail (worn)
 o - the +0 leather armour "Vynuyss" {rPois rC- Str+5}
   (You found it on level 6 of the Dungeon)

   Str+5:     It affects your strength (+5).
   rC-:       It makes you vulnerable to cold.
   rPois:     It protects you from poison
Jewellery
 g - an amulet of faith (around neck)
 j - a ring of see invisible (left hand)
 m - a +5 ring of evasion (right hand)
Wands
 c - a wand of flame (1)
 k - a wand of polymorph (14)
 n - a wand of iceblast (6)
Scrolls
 p - a scroll of identify
Potions
 b - a potion of curing
 d - 3 potions of enlightenment
 l - a potion of might

Dungeon Overview and Level Annotations

Branches:
Dungeon (6/15)             Temple (1/1) D:4

Altars:
Ashenzari
Cheibriados
Elyvilon
Gozag
Kikubaaqudgha
Makhleb
Qazlal
Sif Muna
Trog
Wu Jian
Xom
Yredelemnul
Zin
The Shining One

Shops:
D:5 :

Annotations:
D:5 Dowan
D:6 exclusion: electric eel


Message History

Dowan says, "How can I live without her?"
Dowan misses you. Dowan hits you but does no damage.
You shoot an arrow. The arrow closely misses Dowan.
The arrow hits the orc but does no damage.
Dowan hits you but does no damage.
You shoot an arrow.
The arrow hits Dowan but does no damage.
Dowan is heavily wounded.
Dowan hits you with a +0 dagger.
Dowan mumbles some strange words.
Dowan blinks!
You shoot an arrow. The arrow hits the steam dragon!
The steam dragon is heavily wounded.
Dowan casts a spell.
Dowan blinks!
You shoot an arrow.
The arrow barely misses the steam dragon.
The arrow hits the orc.
The orc is severely wounded.
The jelly hits you but does no damage.
The steam dragon bites you but does no damage.
The steam dragon barely misses you.
You shoot an arrow.
The arrow closely misses the steam dragon.
The arrow barely misses the orc.
The jelly closely misses you. The steam dragon barely misses you.
The steam dragon closely misses you.
You shoot an arrow. The arrow hits the steam dragon.
The steam dragon is severely wounded.
The jelly hits you.
You are splashed with acid!
The steam dragon barely misses you. x2
You shoot an arrow. The arrow hits the steam dragon.
The steam dragon is severely wounded.
The jelly barely misses you. The steam dragon barely misses you.
The steam dragon claws you. The ogre hits you with a +0 giant club!
You shoot an arrow. The arrow hits the steam dragon!
You kill the steam dragon!
The steam dragon scales are intact enough to wear.
The jelly hits you but does no damage. The ogre hits you with a +0 giant club!
You die...

. .....# ....
.....}.}.# ....
##........# ....#
.....!.#..##.....
(....#.........
......J>J......
..#..##))......
#.J##o#......
#.O@oJ#....##
#.###.# ##.# #
.... # ......
..#..#.# ...... #
#.. ...# ####.
.... #...


You could see an ogre, 2 jellies, an orc wizard (invisible) and an orc.

Vanquished Creatures
  A steam dragon (D:5)
  A water moccasin (D:6)
  Duvessa (D:5)
  3 ogres
  A centaur (D:5)
  2 scorpions
  3 electric eels (D:6)
  A howler monkey (D:4)
  3 bombardier beetles
  A hound (D:6)
  2 orc priests (D:6)
  Jessica (D:3)
  Natasha (thrice) (D:3)
  An orc wizard (D:6)
  6 adders
  A shadow imp (D:6)
  A white imp (D:4)
  3 ribbon worms (D:2)
  A dart slug (D:3)
  7 orcs
  8 ball pythons
  11 endoplasms
  7 giant cockroaches
  4 hobgoblins
  10 jackals
  4 quokkas
  6 bats
  A frilled lizard (D:1)
  9 goblins
  4 kobolds
  4 rats
111 creatures vanquished.

Notes
Turn   | Place    | Note
-------+----------+-------------------------------------------
     0 | D:1      | qw the Gargoyle Hunter began the quest for the Orb.
     0 | D:1      | Reached XP level 1. HP: 12/12 MP: 1/1
     0 | D:1      | 0 ||| qw: Version: 0.3-a-132-g3d54051
     0 | D:1      | 0 ||| qw: Game counter: 323
     0 | D:1      | 0 ||| qw: Melee chars always use a shield: true
     0 | D:1      | 0 ||| qw: God list: Okawaru
     0 | D:1      | 0 ||| qw: Allow faded altars: false
     0 | D:1      | 0 ||| qw: Do Orc after clearing Dungeon:15 true
     0 | D:1      | 0 ||| qw: Do second Lair branch before Depths: true
     0 | D:1      | 0 ||| qw: Lair rune preference: random
     0 | D:1      | 0 ||| qw: Goals: Normal
     0 | D:1      | 0 ||| PLANNING D:1-11
    96 | D:1      | HP: 3/12 [endoplasm (3)]
   140 | D:1      | Reached XP level 2. HP: 17/17 MP: 2/2
   284 | D:1      | Reached XP level 3. HP: 21/21 MP: 3/3
   298 | D:1      | Reached skill level 5 in Ranged Weapons
   504 | D:1      | 504 ||| UPGRADING to +0 ring mail.
   514 | D:1      | 514 ||| DROPPING +0 leather armour.
   515 | D:1      | 515 ||| DROPPING +6 ring of intelligence.
   516 | D:1      | 516 ||| READING scroll labelled GOAHOICLIM.
   516 | D:1      | 516 ||| ENCHANTING +0 shortbow.
   517 | D:1      | 517 ||| READING scroll labelled LIATAG BOIDUT.
   520 | D:1      | 520 ||| DROPPING scroll of butterflies.
   659 | D:2      | 659 ||| READING scroll of enchant weapon.
   659 | D:2      | 659 ||| ENCHANTING +1 shortbow.
   664 | D:2      | Reached skill level 1 in Armour
   694 | D:2      | 694 ||| FLEEEEING.
   782 | D:2      | Found a faded altar of an unknown god.
   794 | D:2      | Reached skill level 3 in Fighting
   794 | D:2      | Reached XP level 4. HP: 28/28 MP: 4/4
  1093 | D:2      | 1093 ||| UPGRADING to amulet of faith.
  1098 | D:2      | 1098 ||| UPGRADING to ring of see invisible.
  1099 | D:2      | 1099 ||| READING scroll labelled UMYAJIMYPI.
  1100 | D:2      | 1100 ||| READING scroll labelled ULOGON YNOBRUSTY.
  1100 | D:2      | 1100 ||| IDENTIFYING emerald potion
  1101 | D:2      | 1101 ||| DRINKING 2 metallic clear potions.
  1129 | D:2      | 1129 ||| DRINKING 2 brown potions.
  1130 | D:2      | 1130 ||| DROPPING potion of lignification.
  1172 | D:3      | 1172 ||| STAIRDANCE
  1237 | D:3      | Noticed Natasha
  1242 | D:3      | Killed Natasha
  1271 | D:3      | 1271 ||| READING scroll of enchant weapon.
  1271 | D:3      | 1271 ||| ENCHANTING +2 shortbow.
  1403 | D:3      | Reached XP level 5. HP: 32/32 MP: 5/5
  1409 | D:3      | Noticed Jessica
  1414 | D:3      | Killed Jessica
  1415 | D:3      | Reached skill level 6 in Ranged Weapons
  1415 | D:3      | 1415 ||| FLEEEEING.
  1449 | D:3      | Noticed Natasha
  1452 | D:3      | Killed Natasha
  1527 | D:3      | Found a bloodstained altar of Trog.
  1676 | D:3      | 1676 ||| READING scroll labelled MILIEN CECUROUPP.
  1697 | D:3      | Noticed Natasha
  1709 | D:3      | Killed Natasha
  1840 | D:4      | Found a staircase to the Ecumenical Temple.
  1841 | D:4      | 1841 ||| PLANNING TEMPLE
  1845 | Temple   | Entered the Ecumenical Temple
  1846 | Temple   | 1846 ||| PLANNING D:1-11
  1852 | D:4      | Noticed an ogre
  1853 | D:4      | 1853 ||| ZAPPING wand of flame (6) at -4,-4 (ogre; floor).
  1854 | D:4      | 1854 ||| ZAPPING wand of flame (5) at -3,-3 (ogre; floor).
  1855 | D:4      | 1855 ||| ZAPPING wand of flame (4) at -2,-2 (ogre; floor).
  1856 | D:4      | 1856 ||| RETREEEEATING.
  1857 | D:4      | 1857 ||| RETREEEEATING.
  1858 | D:4      | 1858 ||| RETREEEEATING.
  1859 | D:4      | 1859 ||| ZAPPING wand of flame (3) at -2,-2 (ogre; floor).
  1860 | D:4      | 1860 ||| RETREEEEATING.
  1861 | D:4      | 1861 ||| ZAPPING wand of flame (2) at 0,-1 (ogre; floor).
  1861 | D:4      | Killed an ogre
  1862 | D:4      | Reached XP level 6. HP: 16/38 MP: 6/6
  1874 | D:4      | HP: 9/38 [scorpion (3)]
  1875 | D:4      | 1875 ||| READING scroll of teleportation.
  1876 | D:4      | 1876 ||| DRINKING 2 potions of heal wounds.
  1879 | D:4      | 1879 ||| FLEEEEING.
  1898 | D:4      | 1898 ||| FLEEEEING.
  2013 | D:4      | Reached skill level 7 in Ranged Weapons
  2130 | D:4      | Reached XP level 7. HP: 37/43 MP: 7/7
  2130 | D:4      | 2130 ||| FLEEEEING.
  2686 | D:4      | 2686 ||| READING scroll labelled YVVIFE BIPN.
  2687 | D:4      | 2687 ||| READING 2 scrolls labelled WUXKUT SEYMA.
  2688 | D:4      | 2688 ||| DROPPING scroll of immolation.
  2731 | D:5      | Entered Level 5 of the Dungeon
  2736 | D:5      | Reached skill level 8 in Ranged Weapons
  2746 | D:5      | 2746 ||| FLEEEEING.
  2747 | D:5      | 2747 ||| STAIRDANCE
  2884 | D:5      | 2884 ||| UPGRADING to +5 ring of evasion.
  2885 | D:5      | 2885 ||| READING scroll of identify.
  2885 | D:5      | 2885 ||| IDENTIFYING ruby potion
  2936 | D:6      | 2936 ||| FLEEEEING.
  2943 | D:6      | 2943 ||| STAIRDANCE
  3134 | D:6      | Identified the +0 leather armour "Vynuyss" {rPois rC-
                  | Str+5}
  3145 | D:6      | 3145 ||| FLEEEEING.
  3147 | D:6      | 3147 ||| FLEEEEING.
  3148 | D:6      | 3148 ||| FLEEEEING.
  3157 | D:6      | 3157 ||| STAIRDANCE
  3403 | D:6      | 3403 ||| FLEEEEING.
  3404 | D:6      | 3404 ||| FLEEEEING.
  3415 | D:6      | 3415 ||| FLEEEEING.
  3416 | D:6      | 3416 ||| FLEEEEING.
  3417 | D:6      | 3417 ||| FLEEEEING.
  3512 | D:6      | 3512 ||| FLEEEEING.
  3514 | D:6      | 3514 ||| FLEEEEING.
  3518 | D:6      | 3518 ||| FLEEEEING.
  3519 | D:6      | 3519 ||| FLEEEEING.
  3520 | D:6      | 3520 ||| FLEEEEING.
  3521 | D:6      | 3521 ||| FLEEEEING.
  3521 | D:6      | HP: 7/44 [orc priest/divine providence (11)]
  3522 | D:6      | 3522 ||| READING scroll of teleportation.
  3525 | D:6      | 3525 ||| DRINKING 2 potions of heal wounds.
  3526 | D:6      | 3526 ||| FLEEEEING.
  3723 | D:6      | Reached XP level 8. HP: 49/49 MP: 8/8
  3771 | D:6      | 3771 ||| FLEEEEING.
  3920 | D:6      | 3920 ||| FLEEEEING.
  3921 | D:6      | 3921 ||| FLEEEEING.
  3929 | D:6      | Reached skill level 9 in Ranged Weapons
  3977 | D:6      | 3977 ||| READING 3 scrolls of identify.
  3977 | D:6      | 3977 ||| IDENTIFYING pink potion
  3978 | D:6      | 3978 ||| READING 2 scrolls of identify.
  3978 | D:6      | 3978 ||| IDENTIFYING purple potion
  3979 | D:6      | 3979 ||| DROPPING potion of brilliance.
  4202 | D:5      | Noticed Duvessa
  4202 | D:5      | Noticed Dowan
  4202 | D:5      | Found Engioz's Vocational Training.
  4203 | D:5      | 4203 ||| RETREEEEATING.
  4204 | D:5      | 4204 ||| RETREEEEATING.
  4214 | D:5      | Killed Duvessa
  4215 | D:5      | Reached skill level 6 in Fighting
  4220 | D:5      | HP: 11/51 [steam dragon (3)]
  4221 | D:5      | 4221 ||| DRINKING potion of heal wounds.
  4227 | D:5      | 4227 ||| RETREEEEATING.
  4228 | D:5      | 4228 ||| RETREEEEATING.
  4237 | D:5      | HP: 10/51 [ogre/+0 giant club (11)]
  4238 | D:5      | Slain by an ogre

Levels and vault maps discovered:
D:1:      hellmonk_arrival_library, layout_basic
D:2:      layout_basic, nicolae_ecumenical_snake_handling
D:3:      layout_rooms, lemuel_doored_altar, uniq_jessica, uniq_natasha
D:4:      layout_basic, minmay_temple_entry_ruins,
          corexii_item_surrounded_by_moat
D:5:      layout_basic, serial_shops, shop, nicolae_shop_vocational,
          uniq_duvessa
D:6:      layout_cave_pods, serial_column_ruins, column_ruins_hut_ruined,
          column_ruins_circle_large, column_ruins_columns_T,
          column_ruins_corridor_straight, column_ruins_corridor_straight,
          column_ruins_columns_straight, serial_bayou_lagoon_b
Temple:   nicolae_temple_bog_church

Skill      XL: |  1  2  3  4  5  6  7  8 |
---------------+-------------------------+-----
Ranged Weapons | 5 6 7 8 9 |  9.0
Armour         | 1 2 |  2.5
Fighting       | 3 4 5 6 |  6.1
Dodging        | 2 |  2.2
Stealth        | |  1.1

Action                     |  1- 3 |  4- 6 |  7- 9 || total
---------------------------+-------+-------+-------++-------
   Fire: Shortbow          |   117 |   119 |   164 ||   400
  Evoke: Wand              |       |     5 |       ||     5
    Use: Scroll            |     3 |     5 |     6 ||    14
         Potion            |       |     3 |     2 ||     5
 Armour: Leather armour    |    22 |       |       ||    22
         Ring mail         |     8 |    39 |    83 ||   130
  Dodge: Dodged            |    32 |    36 |   129 ||   197

Table legend:
 A = Non-vault XP
 B = Vault XP
 C = Vault XP percentage of total XP
 D = Non-vault monster count
 E = Vault monster count
 F = Vault count percentage of total count
                 A         B        C        D         E       F
            +---------+---------+-------+---------+---------+-------
      Total |    1813 |     214 |  10.6 |     105 |       6 |   5.4
            +---------+---------+-------+---------+---------+-------
        D:1 |      52 |       0 |   0.0 |      30 |       0 |   0.0
        D:2 |      40 |       6 |  13.0 |      17 |       3 |  15.0
        D:3 |     103 |      73 |  41.5 |      14 |       2 |  12.5
        D:4 |     505 |       0 |   0.0 |      22 |       0 |   0.0
        D:5 |     537 |     135 |  20.1 |       7 |       1 |  12.5
        D:6 |     576 |       0 |   0.0 |      15 |       0 |   0.0
            +---------+---------+-------+---------+---------+-------
